 Dungeon Crawl Stone Soup version 0.27-a0-819-g058290f16d (webtiles) character file.

Game seed: 11158500538410102599

245 jasper the Sneak (level 5, -1/42 HPs)
             Began as a Demonspawn Delver on Mar 29, 2021.
             Succumbed to a scorpion's poison
             ... on level 4 of the Dungeon.
             The game lasted 00:01:44 (1273 turns).

jasper the Sneak (Demonspawn Delver)                Turns: 1273, Time: 00:01:45

Health: -1/42      AC:  3    Str: 13    XL:     5   Next: 84%
Magic:  5/5        EV: 18    Int: 11    God:
Gold:   41         SH:  0    Dex: 15    Spells: 4/4 levels left

rFire    . . .     SeeInvis .   a - +0 hand axe
rCold    . . .     Faith    .   (no shield)
rNeg     . . .     Spirit   .   b - +0 leather armour
rPois    .         Reflect  .   (helmet restricted)
rElec    .         Harm     .   (no cloak)
rCorr    .         Rampage  .   (no gloves)
Will     .....                  (no boots)
Stlth    +++.......             (no amulet)
HPRegen  0.14/turn              (no ring)
MPRegen  0.09/turn              (no ring)

@: agile, lethally poisoned (-1 -> -7)
A: horns 1, repulsion field 1, powered by pain 1
a: no special abilities


You were on level 4 of the Dungeon.
You visited 1 branch of the dungeon, and saw 2 of its levels.

You collected 41 gold pieces.

Inventory:

Hand Weapons
 a - a +0 hand axe (weapon)
 h - a +0 flail
Missiles
 i - 3 boomerangs (quivered)
 k - 17 stones
Armour
 b - a +0 leather armour (worn)
Wands
 f - a wand of random effects (9)
 g - a wand of digging (3)
Scrolls
 c - a scroll of fog
 d - 2 scrolls of magic mapping


   Skills:
 + Level 4.1 Fighting
 * Level 4.1 Axes
 + Level 2.3 Armour
 - Level 1.7 Dodging
 - Level 4.5 Stealth


You had 4 spell levels left.
You didn't know any spells.
Your spell library was empty.

Dungeon Overview and Level Annotations

Branches:
Dungeon (5/15)
 Temple: D:4-7

Altars:

Annotations:
D:5 Dowan, Duvessa


Innate Abilities, Weirdness & Mutations

You have a pair of small horns on your head.
You are surrounded by a mild repulsion field. (EV +2)
You sometimes gain a little power by taking damage.


Message History

The scorpion closely misses you.
You hit the scorpion.
The scorpion is severely wounded.
The scorpion stings you.
A gnoll comes into view. It is wielding a +0 spear.
The scorpion stings you!
You take 10 damage, and have 18/42 hp.
MASSIVE DAMAGE!!
The gnoll shouts!
You hit the scorpion.
The scorpion is severely wounded.
The scorpion closely misses you.
You aren't carrying any potions.
Unknown command.
You closely miss the scorpion.
The scorpion is severely wounded.
The scorpion stings you!
* * * LOW HITPOINT WARNING * * *
You focus on the pain.
You feel agile all of a sudden.
You are lethally poisoned!
The scorpion poisons you!
You take 9 damage, and have 9/42 hp.
MASSIVE DAMAGE!!
* * * LOW HITPOINT WARNING * * *
You feel very sick.
You take 3 damage, and have 6/42 hp.
You hit the scorpion but do no damage.
The scorpion is severely wounded.
* * * LOW HITPOINT WARNING * * *
You feel very sick. The scorpion barely misses you.
You take 3 damage, and have 3/42 hp.
As you read the scroll of fear, it crumbles to dust.
You assume a fearsome visage.
The scorpion looks frightened!
The gnoll looks frightened! x3; The giant cockroach looks frightened!
* * * LOW HITPOINT WARNING * * *
You feel sick.
You take 2 damage, and have 1/42 hp.
* * * LOW HITPOINT WARNING * * *
You feel sick.
You die...

#.....>......#
#............#
#...g..g.?..#
#...........#
###B.s......#
##.###....#
#.# #####
#########.#
.......@..##
...........#
...........##
##########..#
##.## #..##
##...##
#.....##
##..##..##


There were no monsters in sight!

Vanquished Creatures
  A black bear (D:4)
  A scorpion (D:5)
  A hound (D:5)
  A centaur skeleton (D:4)
  A howler monkey skeleton (D:5)
  A gnoll (D:4)
  2 adders
  An endoplasm (D:4)
  A hobgoblin (D:4)
  A quokka (D:5)
  2 goblins (D:4)
13 creatures vanquished.

Notes
Turn   | Place    | Note
-------+----------+-------------------------------------------
     0 | D:5      | jasper the Demonspawn Delver began the quest for the Orb.
     0 | D:5      | Reached XP level 1. HP: 18/18 MP: 1/1
    20 | D:5      | Gained mutation: You have a pair of small horns on your
                  | head. [demonic ancestry]
    20 | D:5      | Reached XP level 2. HP: 9/24 MP: 2/2
   215 | D:5      | Reached skill level 1 in Armour
   215 | D:5      | Gained mutation: You sometimes gain a little power by
                  | taking damage. [demonic ancestry]
   215 | D:5      | Reached XP level 3. HP: 11/29 MP: 3/3
   531 | D:5      | Noticed Duvessa
   531 | D:5      | Noticed a scorpion
   550 | D:5      | Killed a scorpion
   551 | D:5      | Reached XP level 4. HP: 9/37 MP: 4/4
   804 | D:5      | Noticed Dowan
  1067 | D:4      | Noticed a black bear
  1079 | D:4      | Gained mutation: You are surrounded by a mild repulsion
                  | field. (EV +2) [demonic ancestry]
  1079 | D:4      | Reached XP level 5. HP: 20/42 MP: 5/5
  1083 | D:4      | Killed a black bear
  1271 | D:4      | HP: 1/42 [poisoned by a scorpion]
  1273 | D:4      | Succumbed to a scorpion's poison

Illustrated notes

Levels and vault maps discovered:
D:4:      layout_cave_pods, lemuel_zombie_altar_kikubaaqudgha,
          kennysheep_generic_room_11
D:5:      layout_gridville, ebering_ghost_disaster_area,
          kennysheep_generic_room_13, uniq_duvessa

Skill      XL: |  1  2  3  4  5 |
---------------+----------------+-----
Axes           | 2 3 4 |  4.1
Armour         | 1 2 |  2.3
Fighting       | 4 |  4.1
Dodging        | |  1.7
Stealth        | |  4.5

Action                   |  1- 3 |  4- 6 || total
-------------------------+-------+-------++-------
Melee: Hand axe          |    40 |    27 ||    67
       Headbutt          |     7 |     6 ||    13
Throw: Boomerang         |       |     7 ||     7
Evoke: Wand              |     2 |       ||     2
  Use: Potion            |     2 |       ||     2
       Scroll            |       |     2 ||     2
 Stab: Sleeping          |     1 |       ||     1
Armor: Leather armour    |     6 |     7 ||    13
Dodge: Dodged            |    27 |    18 ||    45

Table legend: (Time is in decaauts)
 A = Elapsed time spent in this place.
 B = Non-inter-level travel time spent in this place.
 C = Inter-level travel time spent in this place.
 D = Time resting spent in this place.
 E = Time spent auto-exploring this place.
 F = Levels seen in this place.
 G = Mean time per level.
                   A        B        C        D        E       F      G
               +--------+--------+--------+--------+--------+-----+--------+
         Total |   1265 |   1265 |      0 |    599 |    462 |   2 |  632.5 |
       Dungeon |   1265 |   1265 |      0 |    599 |    462 |   2 |  632.5 |
               +--------+--------+--------+--------+--------+-----+--------+

Top non-repeatable levels by time:
     D:5: 808 daAuts
     D:4: 457 daAuts
